| TOP OF THE 1ST |
|
Chattanooga Lookouts batting - Pitching for Montgomery Biscuits : RHP David Breaux
|
|
Pitching: RHP David Breaux
|
|
|
Batting: LHB Marius Tadini
|
0-0: Called Strike 0-1: Called Strike 0-2: Strikes out looking
|
|
Batting: LHB Kozo Kanamori
|
0-0: Ball 1-0: Called Strike 1-1: Ground out 1-3 (Groundball, 13S, EV 63.8 MPH)
|
|
Batting: RHB Justin Allison
|
0-0: Ball 1-0: Called Strike 1-1: Ball 2-1: Ball 3-1: Called Strike 3-2: Foul Ball, location: 2F 3-2: Strikes out swinging
|
| Top of the 1st over - 0 runs, 0 hits, 0 errors, 0 left on base; Chattanooga 0 - Montgomery 0 |
| BOTTOM OF THE 1ST |
|
Montgomery Biscuits batting - Pitching for Chattanooga Lookouts : RHP Matt Springer
|
|
Pitching: RHP Matt Springer
|
|
|
Batting: RHB Alfredo Moreno
|
0-0: Ball 1-0: Fly out, F8 (Flyball, 8LXD, EV 89.4 MPH)
|
|
Batting: LHB Davion Lewis
|
0-0: Called Strike 0-1: Foul Ball, location: 2F 0-2: Ball 1-2: Ball 2-2: Ground out 4-3 (Groundball, 34D, EV 80.0 MPH)
|
|
Batting: RHB Wing-kit Bu
|
0-0: Swinging Strike 0-1: Ball 1-1: Ball 2-1: Ball 3-1: Swinging Strike 3-2: Base on Balls
|
|
Batting: LHB David Seminario
|
0-0: Called Strike Wing-kit Bu steals 2nd base 0-1: Fly out, F9 (Flyball, 9LM, EV 75.6 MPH)
|
| Bottom of the 1st over - 0 runs, 0 hits, 0 errors, 1 left on base; Chattanooga 0 - Montgomery 0 |
| TOP OF THE 2ND |
|
Chattanooga Lookouts batting - Pitching for Montgomery Biscuits : RHP David Breaux
|
|
Batting: RHB Isaiah Easter
|
0-0: Ground out U3 (Groundball, 3, EV 97.5 MPH)
|
|
Batting: RHB Ruben Martinez
|
0-0: Called Strike 0-1: Swinging Strike 0-2: Ball 1-2: Ball 2-2: Strikes out swinging
|
|
Batting: RHB Masaichi Tokunaga
|
0-0: Called Strike 0-1: Ball 1-1: Ball 2-1: Called Strike 2-2: Ball 3-2: SINGLE (Groundball, 34D, EV 94.4 MPH)
|
|
Batting: RHB Bobby Paredes
|
0-0: Ball 1-0: Ground out 4-3 (Groundball, 34, EV 106.9 MPH)
|
| Top of the 2nd over - 0 runs, 1 hit, 0 errors, 1 left on base; Chattanooga 0 - Montgomery 0 |
| BOTTOM OF THE 2ND |
|
Montgomery Biscuits batting - Pitching for Chattanooga Lookouts : RHP Matt Springer
|
|
Batting: RHB Steve French
|
0-0: Ball 1-0: Ball 2-0: Ball 3-0: Called Strike 3-1: Base on Balls
|
|
Batting: SHB Brett McEwen
|
0-0: SINGLE (Groundball, 34D, EV 95.6 MPH) Steve French to second Runner from 2nd tries for 3rd, SAFE, throw by RF made to third
|
|
Batting: SHB Willie Koviak
|
0-0: Ball 1-0: Foul Ball, location: 2F 1-1: Fly out, F6 (Line Drive, 6, EV 75.6 MPH)
|
|
Batting: LHB Barnabé Metrass
|
0-0: Ball 1-0: Ball 2-0: Fly out, F8 (Flyball, 8RM, EV 89.4 MPH) Runner from 3rd tags up, SCORES, throw by CF
|
|
Batting: RHB Devin Brown
|
0-0: Ball 1-0: Foul Ball, location: 2F Balk! Brett McEwen to second 1-1: Ball 2-1: Fly out, F9 (Flyball, 9LM, EV 98.1 MPH)
|
| Bottom of the 2nd over - 1 run, 1 hit, 0 errors, 1 left on base; Chattanooga 0 - Montgomery 1 |
| TOP OF THE 3RD |
|
Chattanooga Lookouts batting - Pitching for Montgomery Biscuits : RHP David Breaux
|
|
Batting: RHB Francisque Regras
|
0-0: Ball 1-0: Foul Ball, location: 2F 1-1: Ball 2-1: Called Strike 2-2: Ground out 2-3 (Groundball, 2R, EV 63.8 MPH)
|
|
Batting: RHB Ben Droge
|
0-0: Called Strike 0-1: Ball 1-1: Ball 2-1: Foul Ball, location: 2F 2-2: Ground out 6-3 (Groundball, 6, EV 107.5 MPH)
|
|
Batting: LHB Marius Tadini
|
0-0: Ball 1-0: Ball 2-0: Called Strike 2-1: Foul Ball, location: 2F 2-2: Foul Ball, location: 2F 2-2: Ball 3-2: SOLO HOME RUN (Line Drive, 9D, EV 100.0 MPH), Distance : 386 ft
|
|
Batting: LHB Kozo Kanamori
|
0-0: Ball 1-0: Ball 2-0: Foul Ball, location: 2F 2-1: Ball 3-1: Fly out, F8 (Line Drive, 8RD, EV 97.5 MPH)
|
| Top of the 3rd over - 1 run, 1 hit, 0 errors, 0 left on base; Chattanooga 1 - Montgomery 1 |
| BOTTOM OF THE 3RD |
|
Montgomery Biscuits batting - Pitching for Chattanooga Lookouts : RHP Matt Springer
|
|
Batting: RHB Alfredo Moreno
|
0-0: Ball 1-0: Ball 2-0: Foul Ball, location: 2F 2-1: Foul Ball, location: 2F 2-2: Ball 3-2: Base on Balls
|
|
Batting: LHB Davion Lewis
|
0-0: Foul Ball, location: 2F 0-1: Called Strike 0-2: Fielders Choice at 2nd, 3-6 (Groundball, 3S, EV 83.1 MPH)
|
|
Batting: RHB Wing-kit Bu
|
0-0: Ball 1-0: Ball 2-0: Called Strike 2-1: Ball 3-1: Foul Ball, location: 2F 3-2: Foul Ball, location: 2F 3-2: Fielders Choice at 2nd, 3-6 (Groundball, 13, EV 88.1 MPH)
|
|
Batting: LHB David Seminario
|
0-0: Foul Ball, location: 2F 0-1: Ball 1-1: Swinging Strike 1-2: Ground out 1-3 (Groundball, 34S, EV 70.6 MPH)
|
| Bottom of the 3rd over - 0 runs, 0 hits, 0 errors, 1 left on base; Chattanooga 1 - Montgomery 1 |
| TOP OF THE 4TH |
|
Chattanooga Lookouts batting - Pitching for Montgomery Biscuits : RHP David Breaux
|
|
Batting: RHB Justin Allison
|
0-0: Foul Ball, location: 2F 0-1: Foul Ball, location: 2F 0-2: Foul Ball, location: 2F 0-2: Strikes out swinging
|
|
Batting: RHB Isaiah Easter
|
0-0: Ball 1-0: Called Strike 1-1: Swinging Strike 1-2: Ball 2-2: Ball 3-2: SINGLE (Flyball, 34D, EV 88.1 MPH)
|
|
Batting: RHB Ruben Martinez
|
0-0: Ball 1-0: Grounds into double play, 3-6-3 (Groundball, 34, EV 81.9 MPH)
|
| Top of the 4th over - 0 runs, 1 hit, 0 errors, 0 left on base; Chattanooga 1 - Montgomery 1 |
| BOTTOM OF THE 4TH |
|
Montgomery Biscuits batting - Pitching for Chattanooga Lookouts : RHP Matt Springer
|
|
Batting: RHB Steve French
|
0-0: Ball 1-0: Foul Ball, location: 2F 1-1: Foul Ball, location: 2F 1-2: Foul Ball, location: 2F 1-2: Foul Ball, location: 2F 1-2: Ball 2-2: Ball 3-2: Foul Ball, location: 2F 3-2: Foul Ball, location: 2F 3-2: Ground out U3 (Groundball, 3S, EV 79.4 MPH)
|
|
Batting: SHB Brett McEwen
|
0-0: Ball 1-0: Foul Ball, location: 2F 1-1: Swinging Strike 1-2: Foul Ball, location: 2F 1-2: Hit by Pitch
|
|
Batting: SHB Willie Koviak
|
0-0: Swinging Strike 0-1: Ball 1-1: Ball 2-1: Foul Ball, location: 2F 2-2: 2-RUN HOME RUN (Flyball, 7LD, EV 95.0 MPH), Distance : 345 ft
|
|
Batting: LHB Barnabé Metrass
|
0-0: Ball 1-0: Swinging Strike 1-1: Ball 2-1: Ball 3-1: Base on Balls
|
|
Batting: RHB Devin Brown
|
0-0: Fielders Choice at 2nd, 1-6 (Groundball, 34S, EV 67.5 MPH)
|
|
Batting: RHB Alfredo Moreno
|
0-0: Called Strike 0-1: Ground out 6-3 (Groundball, 6S, EV 68.1 MPH)
|
| Bottom of the 4th over - 2 runs, 1 hit, 0 errors, 1 left on base; Chattanooga 1 - Montgomery 3 |
| TOP OF THE 5TH |
|
Chattanooga Lookouts batting - Pitching for Montgomery Biscuits : RHP David Breaux
|
|
Batting: RHB Masaichi Tokunaga
|
0-0: Called Strike 0-1: Foul Ball, location: 2F 0-2: Ball 1-2: Ball 2-2: Strikes out swinging
|
|
Batting: RHB Bobby Paredes
|
0-0: Ground out 6-3 (Groundball, 6, EV 87.5 MPH)
|
|
Batting: RHB Francisque Regras
|
0-0: Ball 1-0: Ground out 5-3 (Groundball, 5L, EV 88.8 MPH)
|
| Top of the 5th over - 0 runs, 0 hits, 0 errors, 0 left on base; Chattanooga 1 - Montgomery 3 |
| BOTTOM OF THE 5TH |
|
Montgomery Biscuits batting - Pitching for Chattanooga Lookouts : RHP Matt Springer
|
|
Batting: LHB Davion Lewis
|
0-0: Swinging Strike 0-1: Ball 1-1: Foul Ball, location: 2F 1-2: Fly out, F7 (Line Drive, 7, EV 105.6 MPH)
|
|
Batting: RHB Wing-kit Bu
|
0-0: Ball 1-0: TRIPLE (Line Drive, 78XD, EV 107.5 MPH)
|
|
Batting: LHB David Seminario
|
0-0: Called Strike 0-1: Ball 1-1: Called Strike 1-2: Ball 2-2: Ball 3-2: Ground out 6-3 (Groundball, 6, EV 88.1 MPH) Wing-kit Bu scores
|
|
Batting: RHB Steve French
|
0-0: Ball 1-0: Ball 2-0: Ball 3-0: Called Strike 3-1: DOUBLE (Line Drive, 8LXD, EV 104.4 MPH)
|
|
Pitching: LHP Craig Anderson
|
|
|
Batting: SHB Brett McEwen
|
0-0: Foul Ball, location: 2F 0-1: Ball 1-1: Foul Ball, location: 2F 1-2: Strikes out swinging
|
| Bottom of the 5th over - 1 run, 2 hits, 0 errors, 1 left on base; Chattanooga 1 - Montgomery 4 |
| TOP OF THE 6TH |
|
Chattanooga Lookouts batting - Pitching for Montgomery Biscuits : RHP David Breaux
|
|
Batting: RHB Ben Droge
|
0-0: Ball 1-0: Foul Ball, location: 2F 1-1: Swinging Strike 1-2: TRIPLE (Flyball, 9LD, EV 100.0 MPH)
|
|
Batting: LHB Marius Tadini
|
0-0: Called Strike 0-1: Called Strike 0-2: Fly out, F8 (Line Drive, 8LD, EV 104.4 MPH)
|
|
Batting: LHB Kozo Kanamori
|
0-0: Ball 1-0: Swinging Strike 1-1: Called Strike 1-2: Foul Ball, location: 2F 1-2: Ground out U3 (Groundball, 3L, EV 78.1 MPH)
|
|
Batting: RHB Justin Allison
|
0-0: Ball 1-0: Ball 2-0: Fly out, F9 (Flyball, 9, EV 91.9 MPH)
|
| Top of the 6th over - 0 runs, 1 hit, 0 errors, 1 left on base; Chattanooga 1 - Montgomery 4 |
| BOTTOM OF THE 6TH |
|
Montgomery Biscuits batting - Pitching for Chattanooga Lookouts : LHP Craig Anderson
|
|
Batting: SHB Willie Koviak
|
0-0: Ball 1-0: Ball 2-0: Ball 3-0: Base on Balls
|
|
Batting: LHB Barnabé Metrass
|
0-0: Ball 1-0: Called Strike 1-1: Grounds into double play, 6-4-3 (Groundball, 6, EV 81.9 MPH)
|
|
Batting: RHB Devin Brown
|
0-0: Ground out 6-3 (Groundball, 6, EV 103.8 MPH)
|
| Bottom of the 6th over - 0 runs, 0 hits, 0 errors, 0 left on base; Chattanooga 1 - Montgomery 4 |
| TOP OF THE 7TH |
|
Chattanooga Lookouts batting - Pitching for Montgomery Biscuits : RHP David Breaux
|
|
Batting: RHB Isaiah Easter
|
0-0: SINGLE (Groundball, 6M, EV 86.3 MPH) (infield hit)
|
|
Batting: RHB Ruben Martinez
|
0-0: Ball 1-0: Ball 2-0: Ball 3-0: Called Strike 3-1: Foul Ball, location: 2F 3-2: Foul Ball, location: 2F 3-2: Fielders Choice at 2nd, 2-4 (Groundball, 15S, EV 67.5 MPH)
|
|
Batting: RHB Masaichi Tokunaga
|
0-0: Ball 1-0: Ball 2-0: Grounds into double play, 5-4-3 (Groundball, 5S, EV 91.3 MPH)
|
| Top of the 7th over - 0 runs, 1 hit, 0 errors, 0 left on base; Chattanooga 1 - Montgomery 4 |
| BOTTOM OF THE 7TH |
|
Montgomery Biscuits batting - Pitching for Chattanooga Lookouts : LHP Craig Anderson
|
|
Pitching: RHP Curtis Ferguson
|
|
|
Batting: RHB Alfredo Moreno
|
0-0: Fly out, F8 (Flyball, 89XD, EV 80.0 MPH)
|
|
Batting: LHB Davion Lewis
|
0-0: SOLO HOME RUN (Flyball, 9D, EV 97.5 MPH), Distance : 382 ft
|
|
Batting: RHB Wing-kit Bu
|
0-0: Ball 1-0: Swinging Strike 1-1: SINGLE (Groundball, 3S, EV 71.9 MPH) (infield hit)
|
|
Batting: LHB David Seminario
|
0-0: Ball Wing-kit Bu steals 2nd base 1-0: Fly out, F7 (Line Drive, 7D, EV 91.3 MPH)
|
|
Batting: RHB Steve French
|
0-0: Called Strike 0-1: Called Strike 0-2: Foul Ball, location: 2F 0-2: Ball 1-2: Ball 2-2: Ball 3-2: Base on Balls
|
|
Batting: SHB Brett McEwen
|
0-0: DOUBLE (Line Drive, 89XD, EV 107.5 MPH) Wing-kit Bu scores Steve French to third Runner from 3rd tries for Home, SAFE, no throw by CF
|
|
Pitching: RHP Justin Nourse
|
|
|
Batting: SHB Willie Koviak
|
0-0: Ball Wild Pitch! Brett McEwen to third 1-0: Called Strike 1-1: Ground out U3 (Groundball, 34, EV 78.8 MPH)
|
| Bottom of the 7th over - 3 runs, 3 hits, 0 errors, 1 left on base; Chattanooga 1 - Montgomery 7 |
| TOP OF THE 8TH |
|
Chattanooga Lookouts batting - Pitching for Montgomery Biscuits : RHP David Breaux
|
|
Batting: RHB Bobby Paredes
|
0-0: Ball 1-0: Foul Ball, location: 2F 1-1: Ground out 4-3 (Groundball, 34, EV 77.5 MPH)
|
|
Batting: RHB Francisque Regras
|
0-0: Ball 1-0: Foul Ball, location: 2F 1-1: Swinging Strike 1-2: SINGLE (Groundball, 4D, EV 111.3 MPH)
|
|
Batting: RHB Ben Droge
|
0-0: Fielders Choice at 2nd, 6-4 (Groundball, 6, EV 88.1 MPH)
|
|
Batting: LHB Marius Tadini
|
0-0: Called Strike 0-1: Ball 1-1: Ground out U3 (Groundball, 3S, EV 81.9 MPH)
|
| Top of the 8th over - 0 runs, 1 hit, 0 errors, 1 left on base; Chattanooga 1 - Montgomery 7 |
| BOTTOM OF THE 8TH |
|
Montgomery Biscuits batting - Pitching for Chattanooga Lookouts : RHP Justin Nourse
|
|
Batting: LHB Barnabé Metrass
|
0-0: Called Strike 0-1: Swinging Strike 0-2: Ball 1-2: Foul Ball, location: 2F 1-2: Hit by Pitch
|
|
Batting: RHB Devin Brown
|
0-0: SINGLE (Groundball, 56S, EV 66.3 MPH) (infield hit) Barnabé Metrass to second
|
|
Batting: RHB Alfredo Moreno
|
0-0: Grounds into double play, 1-6-3 (Groundball, 34S, EV 73.8 MPH) Barnabé Metrass to third
|
|
Batting: LHB Davion Lewis
|
0-0: Called Strike 0-1: Ball 1-1: Foul Ball, location: 2F 1-2: Foul Ball, location: 2F 1-2: Ball 2-2: Foul Ball, location: 2F 2-2: 2-RUN HOME RUN (Flyball, 7LD, EV 92.5 MPH), Distance : 332 ft
|
|
Batting: RHB Wing-kit Bu
|
0-0: Ball 1-0: Ball 2-0: Called Strike 2-1: Ball 3-1: Called Strike 3-2: Strikes out swinging
|
| Bottom of the 8th over - 2 runs, 2 hits, 0 errors, 0 left on base; Chattanooga 1 - Montgomery 9 |
| TOP OF THE 9TH |
|
Chattanooga Lookouts batting - Pitching for Montgomery Biscuits : RHP David Breaux
|
|
Batting: LHB Kozo Kanamori
|
0-0: Called Strike 0-1: Foul Ball, location: 2F 0-2: Foul Ball, location: 2F 0-2: Ball 1-2: Strikes out swinging
|
|
Pitching: RHP Dumadi Kawilarang
|
|
|
Batting: RHB Justin Allison
|
0-0: Ball 1-0: Swinging Strike 1-1: Ball 2-1: Called Strike 2-2: Strikes out swinging
|
|
Batting: RHB Isaiah Easter
|
0-0: Called Strike 0-1: Ball 1-1: Ball 2-1: Ball 3-1: Fly out, F4 (Popup, 4M, EV 70.6 MPH)
|
| Top of the 9th over - 0 runs, 0 hits, 0 errors, 0 left on base; Chattanooga 1 - Montgomery 9 |
|